 Dungeon Crawl Stone Soup version 0.25-a0-1056-g2efb326896 (webtiles) character file.

Game seed: 7375633170493267277, levelgen mode: deterministic

29 Esekla the Skirmisher (level 3, -1/30 HPs)
             Began as a Formicid Abyssal Knight on May 13, 2020.
             Was a Follower of Lugonu.
             Slain by a rakshasa
             ... wielding a +0 whip
              (14 damage)
             ... on level 1 of the Abyss.
             The game lasted 00:00:41 (52 turns).

Esekla the Skirmisher (Formicid Abyssal Knight)       Turns: 52, Time: 00:00:42

Health: -1/30      AC:  3    Str: 16      XL:     3   Next: 32%
Magic:  4/4        EV: 11    Int: 11      God:    Lugonu [*.....]
Gold:   8          SH:  0    Dex: 10 (11) Spells: 2/2 levels left

rFire    . . .     SeeInvis +   a - +1 falchion
rCold    . . .     Gourm    .   (no shield)
rNeg     . . .     Faith    .   b - +0 leather armour
rPois    .         Spirit   .   (helmet unavailable)
rElec    .         Reflect  .   (no cloak)
rCorr    .         Harm     .   (no gloves)
MR       .....                  (no boots)
Stlth    +.........             (no amulet)
HPRegen  0.10/turn              (no ring)
MPRegen  0.09/turn              (no ring)

@: no status effects
A: permanent stasis, dig shafts and tunnels, four strong arms, antennae 3
a: Dig, Shaft Self, Depart the Abyss, Renounce Religion


You were on level 1 of the Abyss.
You worshipped Lugonu.
Lugonu was aware of your devotion.
You were not hungry.

You visited 0 branches of the dungeon, and saw 0 of its levels.
You visited the Abyss 1 time.

You collected 8 gold pieces.

Inventory:

Hand Weapons
 a - a +1 falchion (weapon)
Armour
 b - a +0 leather armour (worn)
Scrolls
 d - a scroll of remove curse {unknown}
Comestibles
 c - a ration


   Skills:
 * Level 4.2 Fighting
 * Level 2.2 Long Blades
 + Level 2.3 Armour
 + Level 1.0 Dodging
 + Level 2.3 Invocations


You had 2 spell levels left.
You didn't know any spells.
Your spell library was empty.

Dungeon Overview and Level Annotations

Branches:
Dungeon (0/15)

Altars:


Innate Abilities, Weirdness & Mutations

You cannot be hasted, slowed, berserked, paralysed or teleported.
You can dig through walls and to a lower floor.
Your four strong arms can wield two-handed weapons with a shield.
You have a pair of large antennae on your head. (SInv)


Message History

The quasit claws you but does no damage. x2
The quasit bites you.
You feel clumsy. The quasit claws you.
The quasit claws you but does no damage.
You barely miss the quasit.
The quasit is heavily wounded.
The quasit barely misses you.
You riposte.
You slash the quasit!
You kill the quasit!
You feel your dexterity returning.
Your Fighting skill increases to level 4!
Your Dodging skill increases to level 1!
You have reached level 2!
You have reached level 3!
Your experience leads to an increase in your attributes!
Your base attributes are Str 16, Int 11, Dex 10.
Increase (S)trength, (I)ntelligence, or (D)exterity?
You feel agile. The rakshasa hits you with a +0 whip!
You die...

###....##. .# ..
...#...## ###
#..#.#.......##..
..... #..#..##.#
#..#.#.#.R.....#
.## #. ...#.
.....# ... ....#.
##.#. ...#
.....##.#....{ ###
#..§.#.# ...5 #@#
##...###.#.#.##R.#
. ..... ......#.##
..............#. .
.. .. ......#. .
.......... ...## .
...... .....### ..
§.......###...
#...## . #.#..# .


You could see a rakshasa.

Vanquished Creatures
  A quasit (Abyss:1)
1 creature vanquished.

Notes
Turn   | Place    | Note
-------+----------+-------------------------------------------
     0 | Abyss:1  | Esekla the Formicid Abyssal Knight began the quest for the
                  | Orb.
     0 | Abyss:1  | Reached XP level 1. HP: 18/18 MP: 2/2
    25 | Abyss:1  | Noticed a rakshasa
    25 | Abyss:1  | Noticed a quasit
    52 | Abyss:1  | Killed a quasit
    52 | Abyss:1  | Reached skill level 4 in Fighting
    52 | Abyss:1  | Reached skill level 1 in Dodging
    52 | Abyss:1  | Reached XP level 2. HP: 11/25 MP: 3/3
    52 | Abyss:1  | Reached XP level 3. HP: 13/30 MP: 4/4
    52 | Abyss:1  | Slain by a rakshasa

Illustrated notes

Levels and vault maps discovered:
Abyss:1

Skill      XL: |  1 |
---------------+----+-----
Fighting       | 4 |  4.2
Dodging        | 1 |  1.0
Long Blades    | |  2.2
Armour         | |  2.3
Invocations    | |  2.3

Action                   || total
-------------------------++-------
Melee: Falchion          ||     5
Armor: Leather armour    ||    20
Dodge: Dodged            ||    18
       Rpst.: Falchion   ||     3

Table legend:
 A = Non-vault XP
 B = Vault XP
 C = Vault XP percentage of total XP
 D = Non-vault monster count
 E = Vault monster count
 F = Vault count percentage of total count
                 A         B        C        D         E       F
            +---------+---------+-------+---------+---------+-------
      Total |      42 |       0 |   0.0 |       1 |       0 |   0.0
            +---------+---------+-------+---------+---------+-------
    Abyss:1 |      42 |       0 |   0.0 |       1 |       0 |   0.0
            +---------+---------+-------+---------+---------+-------
